 Dungeon Crawl Stone Soup version 0.26.1-2-gb8aa6d0cf2 (webtiles) character file.

Game seed: 18362564797649110434

331 promet the Skirmisher (level 6, 0/49 HPs)
             Began as a Human Fighter on Mar 22, 2021.
             Was an Initiate of Nemelex Xobeh.
             Slain by an ogre
             ... wielding a +0 giant club
              (21 damage)
             ... on level 4 of the Dungeon on Mar 23, 2021.
             The game lasted 00:25:26 (4549 turns).

promet the Skirmisher (Human Fighter)               Turns: 4549, Time: 00:25:26

Health: 0/49       AC:  9    Str: 18    XL:     6   Next: 81%
Magic:  6/6        EV:  3    Int:  8    God:    Nemelex Xobeh [......]
Gold:   202        SH: 14    Dex: 13    Spells: 5/5 levels left

rFire    . . .     SeeInvis .   a - +2 long sword
rCold    . . .     Faith    .   c - +0 tower shield
rNeg     . . .     Spirit   .   t - +0 chain mail
rPois    .         Reflect  .   (no helmet)
rElec    .         Harm     .   (no cloak)
rCorr    .         Rampage  .   (no gloves)
Will     .....                  (no boots)
Stlth    ..........             (no amulet)
HPRegen  0.16/turn              (no ring)
MPRegen  0.10/turn              (no ring)

@: very slightly contaminated, invisible
A: no striking features
a: Renounce Religion, Draw Escape, Draw Destruction, Draw Summoning


You were on level 4 of the Dungeon.
You worshipped Nemelex Xobeh.
Nemelex Xobeh was noncommittal.
You visited 1 branch of the dungeon, and saw 6 of its levels.

You collected 202 gold pieces.

Inventory:

Hand Weapons
 a - a +2 long sword (weapon)
 b - a +0 hunting sling
 u - a +0 spear
 w - the +10 hand axe "Roidoh" {protect, rPois Str-5 Stlth+}
   (You found it on level 6 of the Dungeon)

   It grants its wielder temporary protection when it strikes (+7 to AC).
   It affects your strength (-5).
   It protects you from poison.
   It makes you more stealthy.
Missiles
 e - 84 stones
 f - 33 bolts
 k - 28 poisoned darts
 n - 4 javelins (quivered)
 s - 67 arrows
Armour
 c - a +0 tower shield (worn)
 g - a +0 plate armour
 t - a +0 chain mail (worn)
Wands
 m - a wand of iceblast (7)
Scrolls
 h - 4 scrolls of teleportation
 j - a scroll of remove curse
 l - 2 scrolls of fog
 r - 2 scrolls of identify
Potions
 o - 2 potions of lignification
 p - 2 potions of flight
 v - a potion of attraction


   Skills:
 * Level 4.3 Fighting
 + Level 3.8 Long Blades
 + Level 0.1 Axes
 + Level 1.5 Slings
 + Level 3.7 Armour
 + Level 1.1 Dodging
 + Level 0.1 Stealth
 + Level 4.0 Shields


You had 5 spell levels left.
You didn't know any spells.
Your spell library was empty.

Dungeon Overview and Level Annotations

Branches:
Dungeon (6/15)
 Temple: D:4-7

Altars:
Cheibriados
Nemelex Xobeh
Ru
Sif Muna
Vehumet
Wu Jian


Message History

Your shield and chain mail prevent you from hitting the ogre.
The ogre is heavily wounded.
The ogre hits you with a +0 giant club!
You hit the ogre.
The ogre is severely wounded.
You block the ogre's attack.
You hit the ogre.
The ogre is severely wounded.
You block the ogre's attack.
You completely miss the ogre.
The ogre is severely wounded.
You block the ogre's attack.
You hit the ogre.
The ogre is almost dead.
You block the ogre's attack.
You closely miss the ogre.
The ogre is almost dead.
The ogre hits you with a +0 giant club!!
You die...
Your body disappears without a glow.

######
##...[.##
.......@#
.......O.#
...#.#.#.#
. #. .# ..
#. .# .#.
.. .# #...
. .# # #.
.# ..


You could see an ogre.

Vanquished Creatures
  A sky beast (D:5)
  A scorpion (D:6)
  2 worker ants (D:6)
  2 gnolls
  4 adders
  A shadow imp (D:6)
  An ooze (D:3)
  An adder zombie (D:2)
  2 worms (D:3)
  2 dart slugs
  2 orcs (D:3)
  A ball python (D:2)
  A bat zombie (D:2)
  3 giant cockroaches
  6 goblins
  5 hobgoblins
  4 jackals (D:3)
  12 kobolds
  2 quokkas
  A ball python skeleton (D:2)
  2 bats (D:2)
  A jackal zombie (D:2)
  A leopard gecko zombie (D:6)
  A quokka zombie (D:2)
  6 rats
65 creatures vanquished.

Vanquished Creatures (others)
  2 withered plants (D:2)
2 creatures vanquished.

Grand Total: 67 creatures vanquished

Notes
Turn   | Place    | Note
-------+----------+-------------------------------------------
     0 | D:1      | promet the Human Fighter began the quest for the Orb.
     0 | D:1      | Reached XP level 1. HP: 18/18 MP: 1/1
   558 | D:1      | Reached XP level 2. HP: 24/24 MP: 2/2
  1346 | D:2      | Reached XP level 3. HP: 29/29 MP: 3/3
  2337 | D:3      | Reached XP level 4. HP: 28/35 MP: 4/4
  2481 | D:3      | Found an ornate altar of the Wu Jian Council.
  2487 | D:3      | Noticed a spectral centipede
  2487 | D:3      | Noticed a spectral black mamba
  2487 | D:3      | Noticed a spectral cane toad
  3276 | D:3      | Found a sacrificial altar of Ru.
  3355 | D:2      | Reached XP level 5. HP: 41/41 MP: 5/5
  3537 | D:2      | Reached skill level 1 in Dodging
  3700 | D:3      | Found a radiant altar of Vehumet.
  3706 | D:3      | Found a sparkling altar of Nemelex Xobeh.
  3706 | D:3      | Found a shimmering blue altar of Sif Muna.
  3709 | D:3      | Found a snail-covered altar of Cheibriados.
  3735 | D:3      | Became a worshipper of Nemelex Xobeh the Trickster
  3984 | D:3      | You fall into a shaft and drop 3 floors!
  4007 | D:6      | Reached skill level 1 in Slings
  4072 | D:6      | Identified the +10 hand axe "Roidoh" {protect, rPois Str-5
                  | Stlth+} (You found it on level 6 of the Dungeon)
  4106 | D:6      | Reached XP level 6. HP: 26/48 MP: 6/6
  4427 | D:5      | Entered Level 5 of the Dungeon
  4481 | D:5      | Noticed a sky beast
  4504 | D:5      | Killed a sky beast
  4537 | D:4      | Noticed an ogre
  4549 | D:4      | Slain by an ogre

Illustrated notes

Levels and vault maps discovered:
D:1:      ncdulo_lavacross, layout_basic
D:2:      layout_loops_corners, serial_undead, serial_undead_e, serial_undead_b,
          serial_undead_e, serial_undead_d, serial_undead_b
D:3:      layout_basic, lemuel_coloured_pillars_altar,
          chequers_temple_overflow_statue_of_worship,
          pdpol_wu_jian_five_deadly_venoms
D:4:      layout_rooms, grunt_gozag_breadcrumbs, nicolae_overflow_hidden_temple,
          temple_fountains, kennysheep_crisscross
D:5:      layout_basic, gup_sewer_entry_pipe, serial_shops, shop,
          amethyst_killhole, uniq_grinder
D:6:      layout_loops_cross, tso_oasis_becter

Skill      XL: |  1  2  3  4  5  6 |
---------------+-------------------+-----
Long Blades    | 3 |  3.8
Dodging        | 1 |  1.1
Slings         | 1 |  1.5
Fighting       | 4 |  4.3
Shields        | 4 |  4.0
Axes           | |  0.1
Armour         | |  3.7
Stealth        | |  0.1

Action                   |  1- 3 |  4- 6 || total
-------------------------+-------+-------++-------
Melee: Long sword        |    80 |   150 ||   230
       Hand axe          |       |     7 ||     7
 Fire: Hunting sling     |       |     6 ||     6
Throw: Javelin           |       |     4 ||     4
  Use: Scroll            |     7 |     1 ||     8
       Potion            |     4 |     7 ||    11
 Stab: Invisible         |       |     1 ||     1
Armor: Scale mail        |    21 |    26 ||    47
       Chain mail        |       |    42 ||    42
Dodge: Dodged            |    25 |    18 ||    43
Block: Kite shield       |    23 |       ||    23
       Tower shield      |    26 |   117 ||   143
       Rpst.: Long sword |    11 |     5 ||    16
